 Seeded DCSS version 0.31.0-11-ge490571c62 (webtiles) character file.

Game seed: 560841995258110699 (custom seed)

25121 Pooter the Severer (level 12, -4/172 HPs)
             Began as a Minotaur Berserker on Jan 27, 2024.
             Was an Elder of Trog.
             Slain by a fire elemental (11 damage)
             ... summoned by a deep elf pyromancer
             ... in a volcano.
             The game lasted 01:08:10 (18194 turns).

Pooter the Severer (Minotaur Berserker)            Turns: 18194, Time: 01:08:10

Health: -4/172     AC: 14    Str: 26    XL:     12   Next: 86%
Magic:  11/11      EV:  7    Int:  4    God:    Trog [****..]
Gold:   1416       SH:  5    Dex: 11    Spells: 11/11 levels left

rFire   . . .        a - +5 woodcutter's axe
rCold   . . .        (shield currently unavailable)
rNeg    . . .        h - +2 plate armour {rPois}
rPois   +            (helmet restricted)
rElec   .            (no cloak)
rCorr   +            (no gloves)
SInv    .            (no boots)
Will    ++...        E - amulet of reflection Stlth
                     C - ring of resist corrosion
HPRegen 1.48/turn    F - ring of flight
MPRegen 0.12/turn

%: reflection
@: berserking, on fire, strong-willed, flying, regenerating, glowing, very quick
A: horns 2, retaliatory headbutt
a: Renounce Religion, Berserk, Trog's Hand, Brothers in Arms


You were in a volcano.
You worshipped Trog.
Trog was greatly pleased with you.
You visited 2 branches of the dungeon, and saw 13 of its levels.
You also visited: Sewer, Bailey and Volcano.

You collected 1638 gold pieces.
You spent 222 gold pieces at shops.

Inventory:

Hand Weapons
 a - the +5 woodcutter's axe (weapon)
   (You took it off a hobgoblin on level 4 of the Dungeon)
 b - a +2 longbow of flaming
   (You took it off Nessos on level 3 of the Lair of Beasts)
 f - the +3 sling "Xev Dej" {elec, Str+3}
   (You found it on level 10 of the Dungeon)

   Str+3:     It affects your strength (+3).
 g - the +9 lance "Wyrmbane" {slay drac, rPois rF+ rC+ AC+3}
   (You took it off Maggie on level 8 of the Dungeon)

   AC+3:      It affects your AC (+3).
   rF+:       It protects you from fire.
   rC+:       It protects you from cold.
   rPois:     It protects you from poison
 j - a +2 dire flail of protection
   (You took it off Harold on level 9 of the Dungeon)
 r - a +4 trident
   (You took it off a wight on level 8 of the Dungeon)
 H - a +3 battleaxe
   (You took it off a wight on level 8 of the Dungeon)
 I - a +2 morningstar
   (You took it off a wight on level 8 of the Dungeon)
 J - a +0 broad axe
   (You took it off an orc warrior in a bailey)
Missiles
 k - 7 javelins
 A - a curare-tipped dart
 B - 10 poisoned darts
 G - 27 boomerangs (quivered)
 Q - 118 stones
Armour
 h - a +2 plate armour of poison resistance (worn)
   (You took it off an orc warrior on level 8 of the Dungeon)
 L - the +1 chain mail "Hafref" {Rampage}
   (You took it off a kobold in a bailey)

   Rampage:   It bestows one free step when moving towards enemies.
Jewellery
 s - a ring of ice
   (You found it on level 5 of the Dungeon)
 C - a ring of resist corrosion (left hand)
   (You found it on level 6 of the Dungeon)
 E - an amulet of reflection (around neck)
   (You bought it in a shop on level 6 of the Dungeon)
 F - a ring of flight (right hand)
   (You found it in a bailey)
Wands
 d - a wand of iceblast (8)
   (You took it off a hobgoblin on level 4 of the Dungeon)
 x - a wand of acid (6)
   (You found it on level 9 of the Dungeon)
 y - a wand of charming (18)
   (You found it on level 5 of the Dungeon)
 D - a wand of digging (4)
   (You found it on level 2 of the Lair of Beasts)
Scrolls
 i - 3 scrolls of identify {@r1}
 o - 3 scrolls of noise {!r}
 t - 6 scrolls of teleportation {@r4}
 u - a scroll of enchant weapon
 v - 2 scrolls of fear
Potions
 c - a potion of lignification {!q}
 e - 3 potions of might
 l - a potion of invisibility
 m - 7 potions of curing {@q1}
 p - 5 potions of heal wounds {@q2}
 q - 5 potions of enlightenment
 w - 3 potions of haste {@q3}
 z - a potion of mutation {!q}
 K - 6 potions of ambrosia


   Skills:
 + Level 13.5 Fighting
 * Level 15.4(15.5) Axes
 + Level 3.7(10.7) Polearms
 * Level 12.8 Ranged Weapons
 + Level 5.2 Armour
 - Level 2.1 Dodging
 - Level 3.6 Stealth
 - Level 4.9 Evocations


You had 11 spell levels left.
You didn't know any spells.
Your spell library was empty.

Dungeon Overview and Level Annotations

Branches:
Dungeon (10/15) Zot: 25880  Temple (0/1) D:7            Lair (3/5) D:9 Zot: 14295
 Shoals (0/4) Lair:3       Spider (0/4) Lair:2        Sewer (visited)
 Bailey (visited)         Volcano (1/1) Zot: 5854
    Orc: D:9-12

Altars:
Dithmenos
Fedhas
Gozag
Nemelex Xobeh
Qazlal
Vehumet
Wu Jian
Yredelemnul

Shops:
D:6 *

Annotations:
D:6 1 runed translucent door, Crazy Yiuf


Innate Abilities, Weirdness & Mutations

You have a pair of horns on your head.
You reflexively headbutt those who attack you in melee.


Message History

The deep elf pyromancer gestures at you while chanting.
You block the pyre arrow... and reflect it back!
The pyre arrow hits the deep elf pyromancer.
The fire elemental barely misses you. You furiously retaliate!
You headbutt the fire elemental, but do no damage.
You shake off some of the fire as you move.
The liquid fire burns you!
The deep elf pyromancer burns!
The fire elemental hits you. The fire elemental burns you! You resist.
You block the deep elf pyromancer's attack.
The deep elf pyromancer hits you with a +0 long sword.
* * * LOW HITPOINT WARNING * * *
The deep elf pyromancer hits you with a +0 long sword.
* * * LOW HITPOINT WARNING * * *
You see here a hell hound corpse.
Aiming: Corrosive Bolt
Press: ? - help, Shift-Dir - straight line, f - deep elf pyromancer
Aim: a deep elf pyromancer, wielding a +0 long sword (lightly wounded, 64% to hit)
The bolt of acid hits the deep elf pyromancer!!
The acid corrodes the deep elf pyromancer!
The liquid fire burns you!
* * * LOW HITPOINT WARNING * * *
The deep elf pyromancer burns!
The fire elemental hits you. The fire elemental burns you! You resist.
* * * LOW HITPOINT WARNING * * *
The deep elf pyromancer casts a spell at you.
The bolt of fire hits you! You resist.
* * * LOW HITPOINT WARNING * * *
The deep elf pyromancer casts a spell.
The deep elf pyromancer hits you but does no damage.
Unknown command.
a - the +5 woodcutter's axe (weapon)
The liquid fire burns you!
* * * LOW HITPOINT WARNING * * *
The deep elf pyromancer burns!
The fire elemental hits you. The fire elemental burns you!
* * * LOW HITPOINT WARNING * * *
Okay, then.
A red film seems to cover your vision as you go berserk!
You feel yourself moving faster!
You feel mighty! The liquid fire burns you!
* * * LOW HITPOINT WARNING * * *
The deep elf pyromancer burns!
The deep elf pyromancer dies!
Trog accepts your kill.
Trog appreciates your killing of a magic user.
The fire elemental hits you. The fire elemental burns you!
* * * LOW HITPOINT WARNING * * *
The fire elemental hits you. The fire elemental burns you!
You die...

###≈≈§§###.#
###§≈≈≈###...#
###§§§§###.'.≈.#
###§§≈§###...#...#
##≈≈§§###.....###'#
≈≈≈###†....###...#
###.'..####..○..#
#∩..####).'EEE..#
#∩..#.....#.@e###
###.#..≈..#e#E#.#
≈≈≈###.....###○..#
##≈≈§≈###...#.....#
###§≈≈ ###.+..≈..#
##§ ≈§###.....#
##≈§≈≈###...#
≈§###.+


You could see 2 deep elf pyromancers and 4 fire elementals.

Vanquished Creatures
  Nessos (Lair:3)
  Harold (D:9)
  3 death yaks (Lair:2)
  A two-headed ogre (D:10)
  A skyshark (Lair:2)
  A deep elf archer (Volcano)
  A deep elf pyromancer (Volcano)
  A lindwurm (Lair:1)
  Joseph (D:8)
  A gargoyle (D:10)
  2 black mambas (Lair:1)
  4 cane toads
  Maggie (D:8)
  3 kobold demonologists (D:9)
  2 komodo dragons (Lair:1)
  A queen bee (Lair:1)
  2 hornets
  3 blink frogs (Lair:2)
  2 jumping spiders (Lair:2)
  4 wyverns
  A vampire (D:10)
  A wraith (D:10)
  26 yaks
  4 fire elementals (Volcano)
  3 steam dragons
  3 basilisks
  4 hell hounds (Volcano)
  7 water moccasins
  11 orc warriors
  3 black bears
  An ice beast (D:5)
  An ogre (D:7)
  24 wolves
  3 centaurs
  A phantom (D:5)
  2 brain worms (Sewer)
  2 kobold brigands
  6 bullfrogs
  2 scorpions (D:6)
  12 wights
  19 killer bees
  2 howler monkeys (D:10)
  A bombardier beetle (D:5)
  3 hounds
  A gnoll bouda (D:6)
  5 orc priests
  2 jellies
  A sleepcap (D:6)
  6 iguanas
  10 orc wizards
  9 gnolls
  14 adders
  4 river rats (Sewer)
  A white imp (D:8)
  A ribbon worm (D:3)
  5 dart slugs
  22 orcs
  4 endoplasms
  4 giant cockroaches
  12 goblins
  9 hobgoblins
  3 quokkas
  8 ball pythons
  9 bats
  9 frilled lizards
  22 kobolds
  15 rats
354 creatures vanquished.

Vanquished Creatures (others)
  3 deep elf pyromancers (Volcano)
  A cane toad (Lair:2)
4 creatures vanquished.

Grand Total: 358 creatures vanquished

Notes
Turn   | Place    | Note
-------+----------+-------------------------------------------
     0 | D:1      | Pooter the Minotaur Berserker began the quest for the Orb.
     0 | D:1      | Reached XP level 1. HP: 19/19 MP: 0/0
    28 | D:1      | Reached skill level 6 in Axes
    28 | D:1      | Reached XP level 2. HP: 30/30 MP: 1/1
    29 | D:1      | Reached XP level 3. HP: 42/42 MP: 2/2
   801 | D:2      | Reached XP level 4. HP: 50/50 MP: 3/3
   929 | D:2      | Reached ** piety under Trog
   938 | D:2      | Found a faded altar of an unknown god.
  1348 | D:3      | Identified the +6 dagger of Jeidgharr {heavy, Dex+4}
  1365 | D:3      | Identified the +2 leather armour of the Hart {rF+ Str-3
                  | Stlth+}
  1710 | D:3      | Reached XP level 5. HP: 57/57 MP: 4/4
  2299 | D:4      | Reached skill level 1 in Ranged Weapons
  2565 | D:4      | Noticed a black bear
  2571 | D:4      | Killed a black bear
  2572 | D:4      | Reached skill level 7 in Axes
  2572 | D:4      | Reached XP level 6. HP: 64/64 MP: 5/5
  3059 | D:5      | Entered Level 5 of the Dungeon
  3277 | D:5      | Found a blossoming altar of Fedhas.
  3283 | D:5      | Found a sparkling altar of Nemelex Xobeh.
  3286 | D:5      | Found a shadowy altar of Dithmenos.
  3286 | D:5      | Found a stormy altar of Qazlal.
  3293 | D:5      | Found a basalt altar of Yredelemnul.
  3380 | D:5      | Noticed an ice beast
  3385 | D:5      | Killed an ice beast
  3386 | D:5      | Reached XP level 7. HP: 71/71 MP: 6/6
  3499 | D:5      | Reached *** piety under Trog
  3516 | D:5      | Found a glowing drain.
  3520 | Sewer    | Entered a sewer
  4455 | D:5      | Reached skill level 8 in Axes
  4755 | D:6      | Reached XP level 8. HP: 57/79 MP: 7/7
  4840 | D:6      | Found an opulent altar of Gozag.
  5238 | D:6      | Found Bisonib's Assorted Antiques.
  5246 | D:6      | Bought a scroll labelled IJEPLA PUATE for 25 gold pieces
  5246 | D:6      | Bought a smoky silvery potion for 22 gold pieces
  5246 | D:6      | Bought a tiny fluorescent amulet for 125 gold pieces
  5264 | D:6      | Bought a scroll of identify for 50 gold pieces
  5291 | D:6      | Reached skill level 10 in Fighting
  5927 | D:6      | Found a runed translucent door.
  5928 | D:6      | Noticed Crazy Yiuf
  6034 | D:7      | Found a staircase to the Ecumenical Temple.
  6195 | D:7      | Reached skill level 5 in Ranged Weapons
  6198 | D:7      | Reached skill level 9 in Axes
  6299 | D:7      | Identified a scroll of acquirement
  6299 | D:7      | Acquired 919 gold pieces
  6682 | D:6      | Reached XP level 9. HP: 42/86 MP: 8/8
  7231 | D:8      | Noticed Maggie
  7240 | D:8      | Killed Maggie
  7892 | D:8      | Reached skill level 10 in Axes
  8438 | D:8      | Noticed Joseph
  8446 | D:8      | Killed Joseph
  8674 | D:9      | Reached XP level 10. HP: 95/95 MP: 9/9
  8872 | D:9      | Found a staircase to the Lair.
  8941 | D:9      | Reached skill level 11 in Axes
  9090 | D:9      | Noticed Harold
  9106 | D:9      | Killed Harold
  9111 | D:9      | Reached **** piety under Trog
  9641 | D:10     | Entered Level 10 of the Dungeon
  9682 | D:10     | Found a flagged portal.
  9708 | D:10     | Identified the +3 sling "Xev Dej" {elec, Str+3}
  9719 | Bailey   | Entered a bailey
 10645 | Bailey   | Identified the +1 chain mail "Hafref" {Rampage}
 11738 | Bailey   | Reached skill level 12 in Axes
 13320 | D:10     | Noticed a two-headed ogre
 13326 | D:10     | Killed a two-headed ogre
 13429 | D:10     | Found an ornate altar of the Wu Jian Council.
 13516 | D:10     | Reached XP level 11. HP: 99/104 MP: 10/10
 13695 | D:10     | Reached skill level 10 in Ranged Weapons
 13806 | D:10     | Reached skill level 13 in Axes
 14338 | Lair:1   | Entered Level 1 of the Lair of Beasts
 14727 | Lair:1   | Noticed a lindwurm
 14738 | Lair:1   | Killed a lindwurm
 15141 | Lair:1   | Reached skill level 14 in Axes
 15463 | Lair:1   | Reached XP level 12. HP: 113/113 MP: 11/11
 16276 | Lair:2   | Reached skill level 1 in Polearms
 16552 | Lair:2   | Found a hole to the Spider Nest.
 16995 | Lair:2   | Reached ***** piety under Trog
 17236 | Lair:2   | Noticed a death yak
 17238 | Lair:2   | Noticed a death yak
 17241 | Lair:2   | Noticed a death yak
 17539 | Lair:2   | Found a radiant altar of Vehumet.
 17601 | Lair:2   | Killed a death yak
 17602 | Lair:2   | Reached skill level 15 in Axes
 17605 | Lair:2   | Killed a death yak
 17610 | Lair:2   | Killed a death yak
 17976 | Lair:3   | Noticed Nessos
 17983 | Lair:3   | Killed Nessos
 17984 | Lair:3   | Reached skill level 5 in Armour
 18015 | Lair:3   | Found a dark tunnel.
 18026 | Volcano  | Entered a volcano
 18194 | Volcano  | HP: 7/172 [fire elemental[a deep elf pyromancer] (8)]
 18194 | Volcano  | Slain by a fire elemental

Illustrated notes

Levels and vault maps discovered:
D:1:      ncdulo_smallfort, layout_loops_cross
D:2:      layout_loops_cross, ebering_ecumenical_altar_sacrificial
D:3:      minmay_skewed_foursquare, layout_basic, serial_bayou_pond_a
D:4:      layout_loops_ring
D:5:      layout_cave_pools, nicolae_overflow_hallway_of_the_gods,
          mainiacjoe_sewer_entry_somewhere_in_here_2
D:6:      layout_layer_cave, grunt_gozag_statues, serial_shops, shop,
          uniq_crazy_yiuf_cottage
D:7:      layout_rooms, minmay_temple_entry_overgrown
D:8:      layout_basic, uniq_joseph, uniq_maggie
D:9:      layout_rooms, erik_lair_orcish_takeover, uniq_harold
D:10:     nicolae_hitomezashi [nicolae_hito_row, nicolae_hito_row,
          nicolae_hito_row, nicolae_hito_row, nicolae_hito_row,
          nicolae_hito_row, nicolae_hito_row, nicolae_hito_row,
          nicolae_hito_row, nicolae_hito_row, nicolae_hito_row,
          nicolae_hito_row, nicolae_hito_row, nicolae_hito_row,
          nicolae_hito_row, nicolae_hito_row, nicolae_hito_row,
          nicolae_hito_row], layout_basic, nicolae_wu_jian_wuxing_cycle,
          enter_bailey_5
Lair:1:   layout_gridlike, special_room [special_room_bee]
Lair:2:   layout_small_grid, spider_nest_entry_a, basic_altar
Lair:3:   layout_regular_city, minmay_shoals_entry_centaurs,
          lightli_volcano_entry_magma_tube, uniq_fannar, uniq_nessos,
          uniq_josephine
Volcano:  hellmonk_pyromancer_palace

Skill      XL: |  1  2  3  4  5  6  7  8  9 10 11 12 |
---------------+-------------------------------------+-----
Fighting       | 6 9 10 11 12 13 | 13.5
Axes           | 6 7 8 9 10 12 14 15 | 15.4
Stealth        | 3 |  3.6
Evocations     | 4 |  4.9
Ranged Weapons | 2 4 5 7 9 11 12 | 12.8
Armour         | 5 |  5.2
Polearms       | 3 |  3.7
Dodging        | |  2.1

Action                     |  1- 3 |  4- 6 |  7- 9 | 10-12 || total
---------------------------+-------+-------+-------+-------++-------
  Melee: Hand axe          |    43 |   100 |       |       ||   143
         Headbutt          |     6 |    12 |    32 |    70 ||   120
         Battleaxe         |       |    12 |   158 |   332 ||   502
         Lance             |       |       |       |    70 ||    70
         Punch             |       |       |       |     1 ||     1
   Fire: Sling             |       |    41 |    39 |       ||    80
         Orcbow            |       |       |    11 |   109 ||   120
         Shortbow          |       |       |     2 |       ||     2
         Longbow           |       |       |       |    28 ||    28
  Throw: Javelin           |       |       |     7 |       ||     7
         Boomerang         |       |       |       |    10 ||    10
 Invoke: Berserk           |       |     3 |     9 |     7 ||    19
         Trog's Hand       |       |     1 |     4 |    17 ||    22
  Evoke: Wand              |       |       |     1 |     7 ||     8
    Use: Potion            |     2 |       |       |     2 ||     4
         Scroll            |       |     2 |    14 |     8 ||    24
   Stab: Sleeping          |     2 |     4 |       |       ||     6
 Armour: Ring mail         |    25 |    72 |    36 |       ||   133
         Chain mail        |       |       |    74 |       ||    74
         Plate armour      |       |       |    40 |   454 ||   494
  Dodge: Dodged            |    24 |    71 |    81 |   143 ||   319
  Block: Other             |       |       |    25 |    94 ||   119
         Reflection        |       |       |     1 |     4 ||     5
